 Dungeon Crawl Stone Soup version 0.31-a0-1098-g6898e65 (webtiles) character file.

Game seed: 6905868489392166519

106 PidgeyThePirate the Sneak (level 5, 0/31 HPs)
             Began as a Kobold Brigand on Nov 30, 2023.
             Slain by a gnoll
             ... wielding a +0 whip
              (7 damage)
             ... on level 3 of the Dungeon.
             The game lasted 00:05:45 (1673 turns).

PidgeyThePirate the Sneak (Kobold Brigand)          Turns: 1673, Time: 00:05:46

Health: 0/31       AC:  6    Str: 10    XL:     5   Next: 10%
Magic:  5/5        EV: 13    Int: 13    God:
Gold:   164        SH:  0    Dex: 16    Spells: 4/4 levels left

rFire   . . .        a - +2 dagger
rCold   . . .        (no shield)
rNeg    . . .        h - +0 leather armour
rPois   .            i - +0 helmet
rElec   .            c - +0 cloak
rCorr   .            (no gloves)
SInv    .            k - +0 pair of boots
Will    .....        (no amulet)
Stlth   ++++         (no ring)
HPRegen 0.25/turn    (no ring)
MPRegen 0.09/turn

%: no passive effects
@: no status effects
A: small, no large weapons, nightstalker 3
a: no special abilities


You were on level 3 of the Dungeon.
You visited 1 branch of the dungeon, and saw 3 of its levels.

You collected 164 gold pieces.

Inventory:

Hand Weapons
 a - a +2 dagger (weapon)
Missiles
 d - 9 poisoned darts
 e - 2 curare-tipped darts (quivered)
Armour
 b - a +0 robe
 c - a +0 cloak (worn)
 h - a +0 leather armour (worn)
 i - a +0 helmet (worn)
 k - a +0 pair of boots (worn)
Jewellery
 f - an amulet of guardian spirit
Talismans
 l - a flux talisman
Scrolls
 g - 2 scrolls of teleportation {unknown}
 j - a scroll of poison {unknown}
 m - a scroll of immolation {unknown}
 n - a scroll of identify {unknown}
 o - a scroll of noise {unknown}


   Skills:
 + Level 2.5 Fighting
 + Level 3.9 Short Blades
 + Level 2.2 Throwing
 + Level 1.3 Armour
 + Level 1.5 Dodging
 + Level 6.8 Stealth


You had 4 spell levels left.
You didn't know any spells.
Your spell library contained the following spells:

 Spells                   Type           Power      Damage    Failure   Level
 Ensorcelled Hibernation  Hex/Ice        0%         N/A       52%         2
 Passwall                 Tmut/Erth      0%         N/A       52%         2
 Swiftness                Air            0%         N/A       77%         3


Dungeon Overview and Level Annotations

Branches:
Dungeon (3/15)

Altars:

Annotations:
D:3 Grinder


Innate Abilities, Weirdness & Mutations

You are small and have problems with some larger weapons.
You are completely attuned to the shadows.


Message History

The gnoll is heavily wounded.
You barely miss the gnoll.
The gnoll is heavily wounded.
The gnoll hits you but does no damage.
You barely miss the gnoll.
The gnoll is heavily wounded.
The gnoll barely misses you.
You barely miss the gnoll.
The gnoll is heavily wounded.
The gnoll barely misses you.
You barely miss the gnoll.
The gnoll is heavily wounded.
The gnoll barely misses you.
You closely miss the gnoll.
The gnoll is heavily wounded.
You hit the gnoll.
The gnoll is almost dead.
The gnoll hits you with a +0 club.
You hit the gnoll.
You kill the gnoll!
You have reached level 5!
You feel clever.
You barely miss the gnoll. The gnoll hits you with a +0 whip.
* * * LOW HITPOINT WARNING * * *
You hit the gnoll.
The gnoll is moderately wounded.
The gnoll hits you with a +0 whip.
* * * LOW HITPOINT WARNING * * *
You hit the gnoll.
The gnoll is moderately wounded.
The gnoll hits you but does no damage.
You hit the gnoll.
The gnoll is severely wounded.
You closely miss the gnoll.
The gnoll is severely wounded.
The gnoll hits you but does no damage.
You hit the gnoll.
The gnoll is almost dead.
The gnoll hits you with a +0 whip!
You die...

.##.#..P.♣.P..
.##.#..P♣_PP..#
.##.....P.♣P..+
.####.PPPP....#
..............#####
.............###..
.....######...##.#
.....# #.#.##.#
.....# #.#.##@#
.....# #.#..#g#
.....# #.##..(##
.....# ##...#
'##### ##..######
.# #..##... .#
#...#.###### .#
#.#.g.....$.
.##########
#.#####g....


You could see a gnoll.

Vanquished Creatures
  2 gnolls (D:3)
  2 adders
  5 worms (D:2)
  3 dart slugs
  6 ball pythons
  5 endoplasms
  3 giant cockroaches
  2 hobgoblins (D:1)
  4 kobolds (D:2)
  A quokka (D:2)
  7 bats
  A frilled lizard (D:3)
  4 goblins
  4 rats
49 creatures vanquished.

Notes
Turn   | Place    | Note
-------+----------+-------------------------------------------
     0 | D:1      | PidgeyThePirate the Kobold Brigand began the quest for the
                  | Orb.
     0 | D:1      | Reached XP level 1. HP: 12/12 MP: 1/1
   297 | D:1      | Reached XP level 2. HP: 17/17 MP: 2/2
   446 | D:1      | Reached skill level 6 in Stealth
   578 | D:1      | You fall into a shaft and drop 1 floor!
   609 | D:2      | Reached XP level 3. HP: 21/21 MP: 3/3
   925 | D:2      | Reached XP level 4. HP: 27/27 MP: 4/4
  1442 | D:3      | Noticed Grinder
  1450 | D:3      | Paralysed by Grinder for 4 turns
  1561 | D:3      | Reached skill level 1 in Armour
  1599 | D:3      | Found a faded altar of an unknown god.
  1668 | D:3      | Reached XP level 5. HP: 14/31 MP: 5/5
  1673 | D:3      | Slain by a gnoll

Illustrated notes

Levels and vault maps discovered:
D:1:      minmay_arrival_three_doors, layout_loops_ring
D:2:      minmay_recursive_quarters, layout_basic,
          chequers_serial_rivers_micro_c
D:3:      layout_basic, mainiacjoe_overflow_surrounded_room,
          dreamdust_ecumenical_altar_grove, nrook_uturn, minmay_liquid_box,
          minmay_joined_circles, uniq_grinder

Skill      XL: |  1  2  3  4 |
---------------+-------------+-----
Stealth        | 6 |  6.8
Short Blades   | 3 |  3.9
Armour         | 1 |  1.3
Fighting       | |  2.5
Throwing       | |  2.2
Dodging        | |  1.5

Action                     |  1- 3 |  4- 6 || total
---------------------------+-------+-------++-------
  Melee: Dagger            |    64 |    80 ||   144
         Punch             |     2 |       ||     2
  Throw: Dart              |       |     2 ||     2
   Stab: Sleeping          |    14 |    10 ||    24
         Distracted        |     1 |       ||     1
 Armour: Robe              |     1 |       ||     1
         Leather armour    |    27 |    30 ||    57
  Dodge: Dodged            |    37 |    36 ||    73

Table legend: (Time is in decaauts)
 A = Elapsed time spent in this place.
 B = Non-inter-level travel time spent in this place.
 C = Inter-level travel time spent in this place.
 D = Time resting spent in this place.
 E = Time spent auto-exploring this place.
 F = Levels seen in this place.
 G = Mean time per level.
                   A        B        C        D        E       F      G
               +--------+--------+--------+--------+--------+-----+--------+
         Total |   1649 |   1555 |     94 |      0 |   1130 |   3 |  549.7 |
       Dungeon |   1649 |   1555 |     94 |      0 |   1130 |   3 |  549.7 |
               +--------+--------+--------+--------+--------+-----+--------+

Top non-repeatable levels by time:
     D:2: 925 daAuts
     D:1: 575 daAuts
     D:3: 148 daAuts
